 Dungeon Crawl Stone Soup version 0.19.4-10-g532645f (webtiles) character file.

59 Patwa the Chiller (level 3, -1/27 HPs)
             Began as a Draconian Ice Elementalist on Feb 23, 2017.
             Slain by a gnoll
             ... wielding a +0 spear
              (3 damage)
             ... on level 2 of the Dungeon.
             The game lasted 00:21:02 (2571 turns).

Patwa the Chiller (Draconian Ice Elementalist)      Turns: 2571, Time: 00:21:03

Health: -1/27      AC:  5    Str: 11    XL:     3   Next: 78%
Magic:  6/6        EV: 12    Int: 15    God:
Gold:   115        SH:  0    Dex: 11    Spells: 2 memorised, 2 levels left

rFire  . . .     SeeInvis .     o - +0 short sword
rCold  . . .     Gourm    .     (armour unavailable)
rNeg   . . .     Faith    .     (no shield)
rPois  .         Spirit   .     (helmet restricted)
rElec  .         Reflect  .     (no cloak)
rCorr  .         Harm     .     (no gloves)
MR     .....                    (no boots)
Stlth  ++........               (no amulet)
                                (no ring)
                                n - +2 ring of slaying

@: very slightly contaminated, hasted, very quick
A: unfitting armour, cold-blooded, AC +5
a: no special abilities


You were on level 2 of the Dungeon.
You were not hungry.

You visited 1 branch of the dungeon, and saw 3 of its levels.

You collected 115 gold pieces.

Inventory:

Hand Weapons
 e - a +0 dagger
 h - a +0 dagger
 i - a +0 club
 j - a +0 club
 o - a +0 short sword (weapon)
 p - a +0 dagger
 r - a +0 club
 s - a +0 hunting sling
 v - a +0 whip
 w - a cursed +0 club
 x - a +0 club
 z - a +0 club
Missiles
 f - 15 arrows
 g - 154 stones (quivered)
 t - 12 poisoned needles
Armour
 d - a +0 centaur barding of cold resistance
 m - a +0 helmet
Jewellery
 n - a +2 ring of slaying (left hand)
Scrolls
 b - a scroll of remove curse {unknown}
 c - a scroll of teleportation {unknown}
 k - a scroll of fog {unknown}
 u - a scroll of enchant armour {unknown}
 y - a scroll of identify {unknown}
Potions
 l - a potion of haste
Books
 a - a book of Frost

   Spells                             Type                      Level
   a - Freeze                         Ice                          1
   b - Throw Frost                    Conjuration/Ice              2
   c - Ozocubu's Armour               Charms/Ice                   3
   d - Throw Icicle                   Conjuration/Ice              4
   e - Summon Ice Beast               Ice/Summoning                4
Comestibles
 q - 2 meat rations


   Skills:
 + Level 0.9 Fighting
 + Level 0.8 Short Blades
 + Level 0.1 Throwing
 + Level 2.1 Dodging
 + Level 2.1 Stealth
 + Level 2.4 Spellcasting
   Level 1.0 Conjurations
 + Level 3.6 Ice Magic


You had 2 spell levels left.
You knew the following spells:

 Your Spells              Type           Power        Failure   Level  Hunger
a - Freeze                Ice            ##..         6%          1    #......
b - Ozocubu's Armour      Chrm/Ice       #.......     34%         3    ###....


Dungeon Overview and Level Annotations

Branches:
Dungeon (3/15)

Altars:


Innate Abilities, Weirdness & Mutations

Your plain brown scales are hard. (AC +5)
You cannot fit into any form of body armour.
You are cold-blooded and may be slowed by cold attacks.


Message History

The gnoll barely misses you. The gnoll hits you with a spear.
You hit the gnoll but do no damage.
The gnoll is severely wounded.
The gnoll hits you with a spear! The gnoll hits you with a spear.
* * * LOW HITPOINT WARNING * * *
You closely miss the gnoll.
The gnoll is severely wounded.
The gnoll hits you with a spear.
* * * LOW HITPOINT WARNING * * *
The gnoll hits you with a spear.
* * * LOW HITPOINT WARNING * * *
You barely miss the gnoll.
The gnoll is severely wounded.
The gnoll closely misses you. x2; The gnoll misses you.
It was a potion of haste.
You feel yourself speed up. The gnoll barely misses you.
The gnoll completely misses you.
You are very lightly contaminated with residual magic.
The gnoll barely misses you.
You climb upwards.
The gnoll hits you with a spear.
You die...

#.........#.##g...#
#.#######.#.##....#
#.# #.#..#....#
##.# #.##.#....#
...# #.##..#.###
##########.###.#.#
#..........# #...#
#.##########
##.g#############
#.#
#g@g...........#
#.#
##############.#
#.# #.# #.# #.# #.#
#.# #.# #.# #.# #.#
..# #.# ### #.#


You could see 3 gnolls.

Vanquished Creatures
  2 adders (D:2)
  A dart slug (D:1)
  2 leopard geckos
  A bat (D:1)
  4 giant cockroaches
  3 goblins
  3 hobgoblins
  3 jackals (D:2)
  7 kobolds
  A quokka (D:2)
  3 frilled lizards (D:2)
  5 rats
35 creatures vanquished.

Notes
Turn   | Place    | Note
-------+----------+-------------------------------------------
     0 | D:1      | Patwa the Draconian Ice Elementalist began the quest for the Orb.
     0 | D:1      | Reached XP level 1. HP: 14/14 MP: 3/3
     2 | D:1      | Noticed an octopode
     2 | D:1      | Noticed a demonspawn
     4 | D:1      | Noticed a felid
     8 | D:1      | Noticed a troll
     8 | D:1      | Noticed a human
    11 | D:1      | Noticed a formicid
    11 | D:1      | Noticed a spriggan
    13 | D:1      | Noticed a ghoul
    13 | D:1      | Noticed a demigod
    15 | D:1      | Noticed a draconian
    17 | D:1      | Noticed a minotaur
    17 | D:1      | Noticed a gargoyle
    19 | D:1      | Noticed a dwarf
    26 | D:1      | Noticed an elf
    26 | D:1      | Noticed a merfolk
    28 | D:1      | Noticed a tengu
    28 | D:1      | Noticed a centaur
    30 | D:1      | Noticed a vampire
    30 | D:1      | Noticed a vine stalker
    32 | D:1      | Noticed an ogre
    34 | D:1      | Noticed a halfling
    34 | D:1      | Noticed a naga
   608 | D:1      | Reached XP level 2. HP: 13/20 MP: 1/5
  1138 | D:1      | You fall through a shaft!
  1250 | D:2      | Reached XP level 3. HP: 21/27 MP: 3/6
  2372 | D:2      | Learned a level 3 spell: Ozocubu's Armour
  2567 | D:3      | HP: 1/27 [gnoll/spear (2)]
  2571 | D:2      | Slain by a gnoll

Skill      XL: |  1  2 |
---------------+-------+-----
Dodging        | 2 |  2.1
Stealth        | 2 |  2.1
Fighting       | |  0.9
Short Blades   | |  0.8
Throwing       | |  0.1
Spellcasting   | |  2.4
Conjurations   | |  1.0
Ice Magic      | |  3.6

Action                   || total
-------------------------++-------
Melee: Dagger            ||    47
       Unarmed           ||     3
       Tailslap          ||    12
       Short sword       ||    42
Throw: Stone             ||    42
 Cast: Freeze            ||    24
       Ozocubu's Armour  ||     2
  Use: Potion            ||     1
 Stab: Sleeping          ||     1
  Eat: Bread ration      ||     1
       Beef jerky        ||     1
Armor: Skin              ||    51
Dodge: Dodged            ||    79
